 Dungeon Crawl Stone Soup version 0.26-a0-665-gefeb406119 (webtiles) character file.

Game seed: 13603954636802630480

3094 grandjackal the Fighter (level 9, -13/82 HPs)
             Began as a Yellow Draconian Gladiator on Oct 15, 2020.
             Was a Follower of Ashenzari.
             Mangled by a green ugly thing (15 damage)
             ... on level 8 of the Dungeon.
             The game lasted 00:09:30 (10031 turns).

grandjackal the Fighter (DrGl)                     Turns: 10031, Time: 00:09:31

Health: -13/82     AC:  8    Str: 18    XL:     9   Next: 59%
Magic:  9/9        EV: 16    Int: 10    God:    Ashenzari [*.....]
Gold:   584        SH:  0    Dex: 13    Spells: 5/8 levels left

rFire    . . .     SeeInvis .   a - +0 quarterstaff
rCold    + . .     Faith    .   (shield currently unavailable)
rNeg     . . .     Spirit   .   (armour unavailable)
rPois    +         Reflect  .   b - +0 hat
rElec    .         Harm     .   (no cloak)
rCorr    +         Rampage  .   h - +0 pair of gloves
MR       .....                  (no boots)
Stlth    +.........             (no amulet)
HPRegen  0.23/turn              G - ring of protection from cold
MPRegen  0.11/turn              A - ring of poison resistance

@: short of breath, stab
A: spit acid, unfitting armour, cold-blooded, acid resistance, AC +7
a: Breathe Acid, Curse Item, Scrying, Renounce Religion


You were on level 8 of the Dungeon.
You worshipped Ashenzari.
Ashenzari was aware of your devotion.
You visited 1 branch of the dungeon, and saw 8 of its levels.

You collected 584 gold pieces.

Inventory:

Hand Weapons
 a - a +0 quarterstaff (weapon)
Missiles
 c - 3 throwing nets (quivered)
Armour
 b - a +0 hat (worn)
 h - a +0 pair of gloves (worn)
 x - a +0 kite shield
Jewellery
 t - an uncursed ring of fire
 A - a ring of poison resistance (right hand)
 D - an uncursed ring of magical power
 G - a ring of protection from cold (left hand)
Wands
 w - a wand of random effects (48)
 y - a wand of polymorph (4)
 B - a wand of acid (13)
Scrolls
 d - 2 scrolls of teleportation {unknown}
 e - 7 scrolls of identify {unknown}
 j - 5 scrolls of fog {unknown}
 m - 3 scrolls of remove curse
 o - a scroll of enchant weapon {unknown}
 r - a scroll of blinking {unknown}
 s - a scroll of enchant armour {unknown}
 v - a scroll of amnesia {unknown}
 z - 2 scrolls of magic mapping {unknown}
 F - a scroll of fear {unknown}
Potions
 f - a potion of degeneration {unknown}
 g - a potion of resistance
 i - a potion of lignification
 l - 2 potions of mutation {unknown}
 n - a potion of haste {unknown}
 p - a potion of ambrosia
 q - 2 potions of stabbing
 u - 3 potions of heal wounds {unknown}
 C - a potion of might {unknown}
 E - a potion of berserk rage {unknown}


   Skills:
 + Level 8.4 Fighting
 + Level 8.0 Staves
 - Level 1.7 Throwing
 + Level 7.2 Dodging
 - Level 4.0 Translocations


You had 5 spell levels left.
You knew the following spells:

 Your Spells              Type           Power        Failure   Level
a - Blink                 Tloc           N/A          11%         2
b - Apportation           Tloc           #.....       8%          1

Your spell library contained the following spells:

 Spells                   Type           Power        Failure   Level
 Animate Skeleton         Necr           #.....       36%         1
 Beastly Appendage        Tmut           #.....       36%         1
 Corona                   Hex            #......      36%         1
 Magic Dart               Conj           #...         36%         1
 Sting                    Tmut/Pois      #...         36%         1
 Summon Small Mammal      Summ           #...         36%         1
 Call Imp                 Summ           #.......     50%         2
 Poisonous Vapours        Pois/Air       #.....       50%         2
 Slow                     Hex            #.......     50%         2
 Wereblood                Tmut           #.......     50%         2
 Conjure Flame            Conj/Fire      #.......     75%         3
 Ignite Poison            Fire/Tmut/Pois #.......     75%         3
 Mephitic Cloud           Conj/Pois/Air  #.......     75%         3
 Spider Form              Tmut/Pois      #.........   75%         3
 Ice Form                 Ice/Tmut       #.......     98%         4
 Olgreb's Toxic Radiance  Pois           #.......     98%         4
 Blade Hands              Tmut           #.........   100%        5


Dungeon Overview and Level Annotations

Branches:
Dungeon (8/15)             Temple (0/1) D:4
   Lair: D:8-11

Altars:
Ashenzari
Elyvilon
Kikubaaqudgha
Okawaru
Trog
Zin


Innate Abilities, Weirdness & Mutations

You can spit globs of acid.
Your golden yellow scales are hard. (AC +7)
You cannot fit into any form of body armour.
You are cold-blooded and may be slowed by cold attacks.
You are resistant to acid. (rCorr)


Message History

The green ugly thing claws you!
You hit the green ugly thing.
You tail-slap the green ugly thing, but do no damage.
The green ugly thing is severely wounded.
The green ugly thing barely misses you.
The orc priest calls down the wrath of Beogh upon you.
Beogh smites you!
* * * LOW HITPOINT WARNING * * *
You sock the green ugly thing! You tail-slap the green ugly thing.
The green ugly thing is almost dead.
The green ugly thing claws you.
* * * LOW HITPOINT WARNING * * *
You barely miss the green ugly thing.
The green ugly thing is almost dead.
The green ugly thing claws you!
* * * LOW HITPOINT WARNING * * *
It was a potion of stabbing.
You feel ready to backstab. The green ugly thing claws you!
You die...

##################
#oou@............#
#)##############.####
... #..... ###.
#.#### #. #.# #.
#<#### #. ###..... #.
#....###
.############.#.[...


You could see a green ugly thing, an orc priest and an orc (corroded).

Vanquished Creatures
  Menkaure (D:4)
  Edmund (D:6)
  2 orc warriors
  5 ogres
  A phantom (D:8)
  A necrophage (D:7)
  2 centaurs
  2 bullfrogs (D:7)
  2 gnoll sergeants
  A water moccasin zombie (D:5)
  9 killer bees
  2 howler monkeys
  2 orc priests
  5 hounds
  2 jellies
  2 bullfrog skeletons (D:5)
  An iguana (D:8)
  5 orc wizards
  Natasha (thrice) (D:4)
  7 worker ants
  2 hound skeletons
  Robin (D:2)
  8 gnolls
  11 adders
  A howler monkey skeleton (D:7)
  4 shadow imps
  A white imp (D:6)
  An ufetubus (D:7)
  3 oozes
  An adder skeleton (D:5)
  2 worms
  A dart slug (D:3)
  2 leopard geckos
  42 orcs
  6 bats
  3 giant cockroaches
  13 hobgoblins
  9 jackals
  7 kobolds
  5 quokkas
  A ball python (D:5)
  4 frilled lizards
  17 goblins
  A jackal skeleton (D:5)
  4 rats
206 creatures vanquished.

Notes
Turn   | Place    | Note
-------+----------+-------------------------------------------
     0 | D:1      | grandjackal the Draconian Gladiator began the quest for the
                  | Orb.
     0 | D:1      | Reached XP level 1. HP: 17/17 MP: 1/1
     8 | D:1      | Noticed a merfolk zombie
    12 | D:1      | Noticed a merfolk zombie
   125 | D:1      | Reached XP level 2. HP: 25/25 MP: 2/2
   211 | D:1      | Reached XP level 3. HP: 24/30 MP: 3/3
  1236 | D:2      | Noticed Robin
  1244 | D:2      | Reached XP level 4. HP: 37/38 MP: 4/4
  1269 | D:2      | Killed Robin
  2058 | D:3      | Found a broken altar of Ashenzari.
  2288 | D:3      | Reached XP level 5. HP: 44/46 MP: 5/5
  2858 | D:3      | Became a worshipper of Ashenzari the Shackled
  2928 | D:4      | Noticed an ogre
  3076 | D:4      | Found a glowing silver altar of Zin.
  3077 | D:4      | Found a white marble altar of Elyvilon.
  3077 | D:4      | Found a bloodstained altar of Trog.
  3169 | D:4      | Noticed Natasha
  3177 | D:4      | Killed Natasha
  3177 | D:4      | Reached XP level 6. HP: 47/53 MP: 6/6
  3222 | D:4      | Noticed Natasha
  3229 | D:4      | Killed Natasha
  3261 | D:4      | Found an ancient bone altar of Kikubaaqudgha.
  3270 | D:4      | Found an iron altar of Okawaru.
  3340 | D:4      | Found a staircase to the Ecumenical Temple.
  3341 | D:4      | Noticed Natasha
  3349 | D:4      | Killed Natasha
  3677 | D:4      | Reached skill level 5 in Staves
  3896 | D:5      | Entered Level 5 of the Dungeon
  3917 | D:5      | Reached skill level 5 in Fighting
  4066 | D:4      | Your scales start taking on a golden yellow colour.
  4066 | D:4      | Reached XP level 7. HP: 49/61 MP: 7/7
  4066 | D:4      | Gained mutation: You are resistant to acid. (rCorr) [Yellow
                  | Draconian growth]
  4153 | D:4      | Learned a level 2 spell: Blink
  4645 | D:5      | Reached skill level 1 in Translocations
  4649 | D:5      | Reached skill level 5 in Dodging
  4775 | D:5      | Noticed Menkaure
  5019 | D:4      | Killed Menkaure
  5279 | D:5      | Reached XP level 8. HP: 65/70 MP: 8/8
  5722 | D:5      | Learned a level 1 spell: Apportation
  6330 | D:6      | Reached * piety under Ashenzari
  6447 | D:6      | HP: 3/71 [worker ant (3)]
  6454 | D:6      | HP: 2/71 [poisoned by a killer bee]
  7356 | D:6      | Found an iron altar of Okawaru.
  7754 | D:6      | Noticed Edmund
  7766 | D:6      | Killed Edmund
  8011 | D:7      | Reached XP level 9. HP: 79/79 MP: 9/9
 10002 | D:8      | Noticed a cyan ugly thing
 10030 | D:8      | HP: 2/82 [green ugly thing (15)]
 10031 | D:8      | Mangled by a green ugly thing

Illustrated notes

Levels and vault maps discovered:
D:1:      shiori_arrival_whats_in_store_for_you, layout_basic
D:2:      layout_basic, minmay_misc_feat_rugged, nicolae_underground_beach,
          uniq_robin
D:3:      layout_rooms, nicolae_ashenzari_panopticon
D:4:      layout_rooms, chequers_temple_overflow_statue_of_worship,
          grunt_temple_overflow_open, temple_pool_b, minivault_24, uniq_natasha
D:5:      layout_basic, minmay_joined_circles, uniq_menkaure
D:6:      layout_loops_ring, minmay_misc_feat_columns, nrook_campfire,
          minmay_curled_crystal, okawaru_altar_gauntlet_db, uniq_edmund
D:7:      layout_cave_pods
D:8:      layout_loops_ring, lemuel_blue_sif_altar, special_room
          [special_room_orc], st_stairs_12, kennysheep_flooded_box,
          grunt_dithmenos_shadows, uniq_joseph

Skill      XL: |  1  2  3  4  5  6  7  8  9 |
---------------+----------------------------+-----
Dodging        | 3 4 5 6 7 |  7.2
Fighting       | 3 4 5 6 7 8 |  8.4
Staves         | 4 5 7 8 |  8.0
Translocations | 2 4 |  4.0
Throwing       | |  1.7

Action                   |  1- 3 |  4- 6 |  7- 9 || total
-------------------------+-------+-------+-------++-------
Melee: Quarterstaff      |    88 |   200 |   478 ||   766
       Tailslap          |     9 |    19 |    54 ||    82
Throw: Throwing net      |       |       |     2 ||     2
 Abil: Breathe Acid      |       |       |    13 ||    13
Evoke: Wand              |       |       |     2 ||     2
  Use: Potion            |       |       |     4 ||     4
 Stab: Sleeping          |       |     1 |     2 ||     3
       Held in net/web   |       |       |     1 ||     1
Armor: Skin              |    25 |    53 |   169 ||   247
Dodge: Dodged            |    52 |   151 |   343 ||   546

Table legend: (Time is in decaauts)
 A = Elapsed time spent in this place.
 B = Non-inter-level travel time spent in this place.
 C = Inter-level travel time spent in this place.
 D = Time resting spent in this place.
 E = Time spent auto-exploring this place.
 F = Levels seen in this place.
 G = Mean time per level.
                   A        B        C        D        E       F      G
               +--------+--------+--------+--------+--------+-----+--------+
         Total |  10048 |   9792 |    256 |   3247 |   4961 |   8 | 1256.0 |
       Dungeon |  10048 |   9792 |    256 |   3247 |   4961 |   8 | 1256.0 |
               +--------+--------+--------+--------+--------+-----+--------+

Top non-repeatable levels by time:
     D:5: 1824 daAuts
     D:4: 1683 daAuts
     D:7: 1344 daAuts
     D:6: 1282 daAuts
     D:3: 1256 daAuts
     D:2: 1255 daAuts
     D:1: 705 daAuts
     D:8: 694 daAuts
